 Dungeon Sprint DCSS version 0.27.1 (webtiles) character file.

Game seed: 1360074906247332477

5525 styxcanada the Imperceptible (level 10, -14/53 HPs)
             Began as a Spriggan Brigand on Aug 30, 2021.
             Was an Initiate of Gozag.
             Demolished by Agnes (25 damage)
             ... in the Dungeon (Sprint IV: "Fedhas' Mad Dash") on Aug 31, 2021.
             The game lasted 00:13:55 (1709 turns).

styxcanada the Imperceptible (Spriggan Brigand)     Turns: 1709, Time: 00:13:55

Health: -14/53     AC:  3    Str: 13    XL:     10   Next: 43%
Magic:  19/19      EV: 24    Int: 13    God:    Gozag
Gold:   1611       SH:  8    Dex: 20    Spells: 14/20 levels left

rFire    . . .     SeeInvis +   a - +2 dagger
rCold    . . .     Faith    .   d - +0 buckler
rNeg     . . .     Spirit   .   b - +0 robe
rPois    +         Reflect  .   (helmet restricted)
rElec    .         Harm     .   c - +0 cloak
rCorr    .         Rampage  .   (gloves unavailable)
Will     +....     NoTele   +   (boots unavailable)
Stlth    ++++++++..             m - amulet of invisibility {+Inv}
HPRegen  0.17/turn              v - +6 ring of strength
MPRegen  0.16/turn              j - ring of poison resistance

@: very slightly contaminated, invisible (expiring), very quick
A: very small, no large weapons, unfitting armour, see invisible, speed 3,
mutation resistance 1, wild magic 1
a: Renounce Religion, Evoke Invisibility, Potion Petition, Call Merchant, Bribe
Branch


You were in the Dungeon.
You worshipped Gozag.
Gozag was most pleased with you.
You visited 1 branch You collected 2184 gold pieces.
You spent 573 gold pieces at shops.

Inventory:

Hand Weapons
 a - a +2 dagger (weapon)
Missiles
 e - 2 curare-tipped darts
 g - 2 poisoned darts (quivered)
 l - 27 sling bullets
 r - 28 stones
Armour
 b - a +0 robe (worn)
 c - a +0 cloak (worn)
 d - a +0 buckler (worn)
Jewellery
 j - a ring of poison resistance (right hand)
 m - the amulet of invisibility (around neck) {+Inv}
   (You found it in the Dungeon)

   [amulet of nothing]

   +Inv:      It lets you turn invisible.
 v - a +6 ring of strength (left hand)
Wands
 o - a wand of paralysis (8)
Scrolls
 k - a scroll of blinking
 s - a scroll of enchant weapon
 u - a scroll of identify
Potions
 f - a potion of curing
 h - a potion of haste
 i - 2 potions of magic
 n - a potion of brilliance
 p - a potion of flight
 q - a potion of heal wounds
 t - a potion of mutation


   Skills:
 * Level 6.4 Fighting
 + Level 5.5 Short Blades
 + Level 5.4 Throwing
 * Level 9.7 Dodging
 * Level 21.7 Stealth
 * Level 4.5 Shields
 * Level 5.5 Spellcasting
 * Level 3.3 Conjurations
 * Level 5.7 Transmutations
 * Level 3.5 Fire Magic
 * Level 3.8 Air Magic
 * Level 4.4 Poison Magic
 * Level 11.5 Evocations


You had 14 spell levels left.
You knew the following spells:

 Your Spells              Type           Power      Damage    Failure   Level
a - Ignite Poison         Fire/Tmut/Pois 20%        N/A       14%         3
b - Mephitic Cloud        Conj/Pois/Air  17%        N/A       19%         3

Your spell library contained the following spells:

 Spells                   Type           Power      Damage    Failure   Level
 Corpse Rot               Necr/Air       N/A        N/A       21%         2
 Blade Hands              Tmut           12%        N/A       56%         5
 Portal Projectile        Hex/Tloc       8%         N/A       63%         3
 Dispel Undead            Necr           4%         3d7       95%         4
 Bolt of Magma            Conj/Fire/Erth 6%         4d6       95%         5
 Excruciating Wounds      Necr           2%         N/A       100%        5
 Death Channel            Necr           2%         N/A       100%        6


Dungeon Overview and Level Annotations

Branches:
Dungeon (1/1)

Altars:
Cheibriados
Dithmenos
Elyvilon
Gozag
Hepliaklqana
Kikubaaqudgha
Makhleb
Nemelex Xobeh
Okawaru
Qazlal
Ru
Sif Muna
Trog
Uskayaw
Vehumet
Wu Jian
Xom
Yredelemnul
Zin
The Shining One
Beogh
Jiyva
Lugonu

Shops:
D (!=:*?*

Annotations:
D Agnes


Innate Abilities, Weirdness & Mutations

You are very small and have problems with some larger weapons.
You are too small for most types of armour.
You have supernaturally acute eyesight. (SInv)
You cover ground extremely quickly. (Speed+++)
You are somewhat resistant to further mutation.
Your spells are a little harder to cast, but a little more powerful.


Message History

You hear a trumpeting!
Agnes says, "You dishonour your ancestors."
You hear a trumpeting!
Throw: 6 darts (poison)
Press: ? - help, Q - select action, (/) - cycle Shift-Dir - straight line, f/p - Agnes
Aim: Agnes, wielding a +2 lajatang of speed and wearing a +1 robe of cold resistance (38% to hit)
You throw a poisoned dart. The poisoned dart barely misses Agnes.
Agnes misses you. Agnes completely misses you.
You hear a trumpeting! x2
You hear a trumpeting!
Throw: 5 darts (poison)
Press: ? - help, Q - select action, (/) - cycle Shift-Dir - straight line, f/p - Agnes
Aim: Agnes, wielding a +2 lajatang of speed and wearing a +1 robe of cold resistance (38% to hit)
You throw a poisoned dart. The poisoned dart barely misses Agnes.
Agnes hits you with a +2 lajatang of speed!
* * * LOW HITPOINT WARNING * * *
Agnes completely misses you.
You hear a trumpeting!
You block Agnes's attack.
There is an open door here.
Throw: 4 darts (poison)
Press: ? - help, Q - select action, (/) - cycle Shift-Dir - straight line, f/p - Agnes
Aim: Agnes, wielding a +2 lajatang of speed and wearing a +1 robe of cold resistance (38% to hit)
You throw a poisoned dart. The poisoned dart hits Agnes.
Agnes is poisoned.
Agnes closely misses you.
Agnes drinks a potion.
Agnes looks more healthy.
You hear a trumpeting!
There is an open door here.
You block Agnes's attack.
You flicker for a moment.
There is an open door here.
Throw: 3 darts (poison)
Press: ? - help, Q - select action, (/) - cycle Shift-Dir - straight line, f/p - Agnes
Aim: Agnes, wielding a +2 lajatang of speed and wearing a +1 robe of cold resistance (38% to hit)
You throw a poisoned dart. The poisoned dart misses Agnes.
Agnes says, "You dishonour your ancestors."
You block Agnes's attack.
You hear a trumpeting!
Agnes hits you with a +2 lajatang of speed!!
You die...
Your body crumbles into a pile of gold.

##############################
#<..P#.....#.....#.⌠._._._._.⌠
#PP..'..†.)'.#.[.'.._._._._._.
#PPPP#...÷.#.#...#..._._._._..
###############'##.._._._._._.
#...♣.(.....i@...#._._._._._.⌠
#......♣.....#...#############
#.....♣..♣!.######♣♣♣♣♣..♣)###
##'####'######..'.(.(..♣.(♣##.
#..#....'(.....(#♣..♣♣♣.♣).###
#..#..###.......#.♣♣.[♣...♣(..
####### ######################
# #..


You could see Agnes.

Vanquished Creatures
  A spriggan druid (D)
  6 oklob plants (D)
  A demonic crawler (D)
  3 wandering mushrooms (D)
  3 burning bushes (D)
  A queen bee (D)
  A hornet (D)
  3 scorpions (D)
  4 killer bees (D)
  5 oklob saplings (D)
  5 spriggans (D)
  A river rat (D)
  A rat (D)
  A ballistomycete spore (D)
36 creatures vanquished.

Notes
Turn   | Place    | Note
-------+----------+-------------------------------------------
     0 | D        | styxcanada the Spriggan Brigand began the quest for the
                  | Orb.
     0 | D        | Reached XP level 1. HP: 10/10 MP: 2/2
     9 | D        | Reached skill level 8 in Stealth
     9 | D        | Reached XP level 2. HP: 15/15 MP: 3/3
    47 | D        | Noticed an oklob sapling
    49 | D        | Killed an oklob sapling
    50 | D        | Reached skill level 10 in Stealth
    50 | D        | Reached XP level 3. HP: 18/18 MP: 4/4
    51 | D        | Noticed a scorpion
    51 | D        | Found the amulet of invisibility {+Inv}
    65 | D        | Killed a scorpion
    66 | D        | Reached skill level 12 in Stealth
    66 | D        | Reached XP level 4. HP: 23/23 MP: 5/5
    99 | D        | Found an opulent altar of Gozag.
    99 | D        | Found a hazy altar of Hepliaklqana.
    99 | D        | Found a burning altar of Makhleb.
    99 | D        | Found a sparkling altar of Nemelex Xobeh.
    99 | D        | Found a snail-covered altar of Cheibriados.
    99 | D        | Found a sacrificial altar of Ru.
    99 | D        | Found a shimmering blue altar of Sif Muna.
    99 | D        | Found a shimmering altar of Xom.
    99 | D        | Found a basalt altar of Yredelemnul.
   100 | D        | Found a viscous altar of Jiyva.
   100 | D        | Found a bloodstained altar of Trog.
   100 | D        | Found an ornate altar of the Wu Jian Council.
   101 | D        | Found an iron altar of Okawaru.
   101 | D        | Found a shadowy altar of Dithmenos.
   101 | D        | Found a glowing silver altar of Zin.
   102 | D        | Found an ancient bone altar of Kikubaaqudgha.
   102 | D        | Found a hide-covered altar of Uskayaw.
   103 | D        | Found a stormy altar of Qazlal.
   103 | D        | Found a white marble altar of Elyvilon.
   103 | D        | Found a glowing golden altar of the Shining One.
   104 | D        | Became a worshipper of Gozag Ym Sagoz the Greedy
   105 | D        | Found a corrupted altar of Lugonu.
   105 | D        | Found a radiant altar of Vehumet.
   109 | D        | Reached skill level 13 in Stealth
   109 | D        | Reached XP level 5. HP: 28/28 MP: 3/6
   160 | D        | Reached skill level 14 in Stealth
   160 | D        | Reached skill level 1 in Evocations
   192 | D        | Reached skill level 5 in Dodging
   192 | D        | Reached skill level 15 in Stealth
   294 | D        | Reached XP level 6. HP: 17/33 MP: 7/7
   448 | D        | Found Ipnaepe's Distillery.
   448 | D        | Found Luarhaet's Weapon Emporium.
   455 | D        | Bought a potion of heal wounds for 55 gold pieces
   459 | D        | Noticed a burning bush
   459 | D        | Noticed a wandering mushroom
   460 | D        | Noticed a wandering mushroom
   463 | D        | Killed a burning bush
   464 | D        | Reached skill level 17 in Stealth
   464 | D        | Reached skill level 1 in Shields
   464 | D        | Reached XP level 7. HP: 37/37 MP: 5/8
   464 | D        | Killed a wandering mushroom
   465 | D        | Reached skill level 18 in Stealth
   465 | D        | Reached skill level 5 in Evocations
   465 | D        | Killed a wandering mushroom
   466 | D        | Reached skill level 5 in Fighting
   466 | D        | Reached skill level 19 in Stealth
   468 | D        | Reached XP level 8. HP: 43/43 MP: 5/9
   487 | D        | Found Tefiub's Assorted Antiques.
   487 | D        | Found Noujopt's Book Shoppe.
   494 | D        | Bought a Trismegistus Codex for 392 gold pieces
   498 | D        | Learned a level 3 spell: Ignite Poison
   502 | D        | Learned a level 3 spell: Mephitic Cloud
   504 | D        | Bought a brown potion for 24 gold pieces
   504 | D        | Bought 2 fizzy coppery potions for 48 gold pieces
   504 | D        | Bought a scroll labelled QOKAOS MU ZYEMM for 27 gold pieces
   504 | D        | Bought a scroll labelled QOKAOS MU ZYEMM for 27 gold pieces
   508 | D        | Gained mutation: Your spells are a little harder to cast,
                  | but a little more powerful. [potion of mutation]
   508 | D        | Gained mutation: You are somewhat resistant to further
                  | mutation. [potion of mutation]
   611 | D        | Noticed a queen bee
   621 | D        | Reached skill level 1 in Transmutations
   621 | D        | Killed a queen bee
   622 | D        | Reached skill level 5 in Throwing
   622 | D        | Reached skill level 1 in Spellcasting
   622 | D        | Reached skill level 1 in Fire Magic
   622 | D        | Reached skill level 1 in Air Magic
   622 | D        | Reached skill level 1 in Poison Magic
   624 | D        | Reached skill level 1 in Conjurations
   676 | D        | Noticed an oklob plant
   679 | D        | Killed an oklob plant
   680 | D        | Reached skill level 20 in Stealth
   737 | D        | Noticed a burning bush
  1102 | D        | Killed a burning bush
  1103 | D        | Reached XP level 9. HP: 47/47 MP: 14/14
  1184 | D        | Noticed a burning bush
  1184 | D        | Noticed an oklob plant
  1185 | D        | Noticed a wandering mushroom
  1186 | D        | Killed a burning bush
  1191 | D        | Killed an oklob plant
  1194 | D        | Reached skill level 5 in Short Blades
  1195 | D        | Killed a wandering mushroom
  1257 | D        | Noticed a spriggan druid
  1259 | D        | Killed a spriggan druid
  1260 | D        | Reached skill level 10 in Evocations
  1326 | D        | Noticed an oklob plant conjurer
  1327 | D        | Killed an oklob plant conjurer
  1328 | D        | Reached skill level 21 in Stealth
  1395 | D        | Noticed an oklob plant
  1395 | D        | Noticed an oklob plant summoner
  1396 | D        | Noticed an oklob plant shifter
  1400 | D        | Killed an oklob plant
  1401 | D        | Reached skill level 5 in Transmutations
  1401 | D        | Reached XP level 10. HP: 53/53 MP: 14/18
  1402 | D        | Killed an oklob plant summoner
  1403 | D        | Reached skill level 5 in Spellcasting
  1405 | D        | Killed an oklob plant shifter
  1514 | D        | Noticed a spriggan rider
  1515 | D        | Found Paokesob's Magic Scroll Emporium.
  1569 | D        | Found Fumaadgh's General Store.
  1662 | D        | Noticed Agnes
  1664 | D        | Found Laupun's Jewellery Emporium.
  1664 | D        | Noticed a spriggan berserker
  1665 | D        | Noticed an elephant
  1669 | D        | Noticed an elephant
  1709 | D        | Demolished by Agnes

Illustrated notes

Levels and vault maps discovered:
D:        dungeon_sprint_fedhas [sprint_temple]

Skill      XL: |  1  2  3  4  5  6  7  8  9 10 |
---------------+-------------------------------+-----
Dodging        | 2 3 4 5 6 7 8 9 |  9.7
Stealth        | 8 10 12 13 15 17 19 20 21 | 21.7
Fighting       | 2 3 4 5 6 |  6.4
Short Blades   | 3 4 5 |  5.5
Evocations     | 2 4 6 8 10 11 | 11.5
Throwing       | 3 4 5 |  5.4
Shields        | 1 3 4 |  4.5
Transmutations | 3 5 |  5.7
Spellcasting   | 3 4 5 |  5.5
Fire Magic     | 1 3 |  3.5
Air Magic      | 2 3 |  3.8
Poison Magic   | 2 3 4 |  4.4
Conjurations   | 1 2 3 |  3.3

Action                   |  1- 3 |  4- 6 |  7- 9 | 10-12 || total
-------------------------+-------+-------+-------+-------++-------
Melee: Dagger            |     7 |    14 |    66 |     5 ||    92
Throw: Dart              |     2 |    11 |       |    12 ||    25
       Stone             |       |       |       |     5 ||     5
 Cast: Mephitic Cloud    |       |       |       |     1 ||     1
       Ignite Poison     |       |       |       |     1 ||     1
 Abil: Evoke Invisibilit |       |     3 |    10 |     3 ||    16
  Use: Potion            |       |     1 |     2 |       ||     3
       Scroll            |       |       |     4 |     1 ||     5
 Stab: Sleeping          |     2 |     3 |    15 |     3 ||    23
       Invisible         |       |       |     3 |       ||     3
Dodge: Dodged            |     7 |    15 |     4 |    12 ||    38
Block: Buckler           |       |       |       |    12 ||    12
